 Dungeon Crawl Stone Soup version 0.23.0 (webtiles) character file.

Game seed: 11108316492220153010

114 lilly the Cudgeler (level 4, 0/40 HPs)
             Began as a Minotaur Monk on Feb 17, 2019.
             Slain by a kobold
             ... wielding a +2 whip of distortion
              (15 damage)
             ... on level 3 of the Dungeon.
             The game lasted 00:06:05 (1934 turns).

lilly the Cudgeler (Minotaur Monk)                  Turns: 1934, Time: 00:06:05

Health: 0/40       AC:  2    Str: 16    XL:     4   Next: 66%
Magic:  3/3        EV: 13    Int:  7    God:
Gold:   95         SH:  0    Dex: 13    Spells: 3/3 levels left

rFire    . . .     SeeInvis .   a - +0 mace
rCold    . . .     Gourm    .   (no shield)
rNeg     . . .     Faith    .   b - +0 robe
rPois    .         Spirit   .   (helmet restricted)
rElec    .         Reflect  .   (no cloak)
rCorr    .         Harm     .   (no gloves)
MR       .....                  (no boots)
Stlth    ++........             (no amulet)
HPRegen  0.13/turn              (no ring)
MPRegen  0.08/turn              (no ring)

@: lethally poisoned (0 -> -1)
A: retaliatory headbutt, horns 2
a: no special abilities


You were on level 3 of the Dungeon.
You were not hungry.

You visited 1 branch of the dungeon, and saw 3 of its levels.

You collected 95 gold pieces.

Inventory:

Hand Weapons
 a - a +0 mace (weapon)
Armour
 b - a +0 robe (worn)
Jewellery
 o - a +4 amulet of reflection {unknown}
Scrolls
 e - 4 scrolls of identify {unknown}
 i - a scroll of immolation {unknown}
 j - 2 scrolls of teleportation {unknown}
 k - a scroll of remove curse {unknown}
 n - a scroll of enchant weapon {unknown}
Potions
 d - a potion of cancellation {unknown}
 f - 2 potions of might {unknown}
 g - a potion of haste {unknown}
 h - 2 potions of mutation {unknown}
 l - a potion of curing {unknown}
 m - a potion of flight {unknown}
 p - a potion of heal wounds {unknown}
 q - a potion of degeneration {unknown}
Comestibles
 c - 7 rations


   Skills:
 + Level 4.2 Fighting
 * Level 5.6 Maces & Flails
 + Level 3.7 Dodging
 + Level 2.0 Stealth


You had 3 spell levels left.
You didn't know any spells.
Your spell library was empty.

Dungeon Overview and Level Annotations

Branches:
Dungeon (3/15)

Altars:


Innate Abilities, Weirdness & Mutations

You reflexively headbutt those who attack you in melee.
You have a pair of horns on your head.


Message History

You hit the leopard gecko but do no damage.
You headbutt the leopard gecko, but do no damage.
The leopard gecko bites you. The leopard gecko misses you.
You barely miss the leopard gecko. You headbutt the leopard gecko.
You kill the leopard gecko!
You feel sick.
The kobold shoots a poisoned needle.
The poisoned needle misses you.
The kobold unwields a +0 blowgun.
The kobold wields a +2 whip of distortion.
Its appearance distorts for a moment.
The kobold completely misses you.
You see here a leopard gecko corpse.
You closely miss the kobold. You headbutt the kobold.
The kobold is severely wounded.
The kobold hits you but does no damage. Space warps horribly around you!
You closely miss the kobold. Your headbutt misses the kobold.
The kobold is severely wounded.
You feel sick.
The kobold hits you with a +2 whip of distortion.
Space warps horribly around you!
You die...

#....##.##..##. #...
#....##........ ...###
#....##.##.###.
........###...##..##.#
#.
..................##.#
#. ....
..###>........... #..
#.###...##..##.##
#..##.#.....##..##.# .
+....K@.....(.......
..l.##.##.############.
#.......(.# #
........†.# #.........#
#.........# ....#####..
#... .... ... .##..


You could see a kobold.

Vanquished Creatures
  3 adders
  2 oozes
  A worm (D:2)
  4 dart slugs
  4 leopard geckos
  6 bats
  4 giant cockroaches
  6 goblins
  5 hobgoblins
  4 jackals (D:1)
  11 kobolds
  2 quokkas (D:2)
  A ball python (D:2)
  3 frilled lizards
  7 rats
63 creatures vanquished.

Notes
Turn   | Place    | Note
-------+----------+-------------------------------------------
     0 | D:1      | lilly the Minotaur Monk began the quest for the Orb.
     0 | D:1      | Reached XP level 1. HP: 19/19 MP: 0/0
    89 | D:1      | Reached skill level 4 in Maces & Flails
    91 | D:1      | Reached XP level 2. HP: 22/27 MP: 1/1
   436 | D:1      | Reached XP level 3. HP: 33/33 MP: 2/2
   968 | D:2      | Reached skill level 5 in Maces & Flails
  1013 | D:2      | Reached XP level 4. HP: 35/40 MP: 3/3
  1934 | D:3      | Slain by a kobold

Skill      XL: |  1  2  3  4 |
---------------+-------------+-----
Maces & Flails | 4 5 |  5.6
Fighting       | 4 |  4.2
Stealth        | 2 |  2.0
Dodging        | |  3.7

Action                   |  1- 3 |  4- 6 || total
-------------------------+-------+-------++-------
Melee: Mace              |    58 |    63 ||   121
       Headbutt          |    12 |    10 ||    22
 Stab: Sleeping          |     3 |     3 ||     6
  Eat: Chunk             |       |     3 ||     3
Armor: Robe              |    11 |     5 ||    16
Dodge: Dodged            |    47 |    46 ||    93
